PL
CHARLESTON BATTERY @ MISSISSIPPI MOCKINGBIRDS
06/06/2041
 
TOP OF THE 1ST
Charleston Battery batting - Pitching for Mississippi Mockingbirds : LHP An Jang-Yop
Pitching: LHP An Jang-Yop
Batting: RHB Mario Álvarez 0-0: Ground out 6-3 (Groundball, 56, EV 86.2 MPH)
Batting: LHB Joey Coco 0-0: Called Strike
0-1: Ground out 5-3 (Groundball, 56, EV 107.5 MPH)
Batting: RHB Vesa Karpinen 0-0: Foul Ball, location: 2F
0-1: Ball
1-1: Foul Ball, location: 2F
1-2: Strikes out swinging
Top of the 1st over - 0 runs, 0 hits, 0 errors, 0 left on base; Charleston 0 - Mississippi 0
BOTTOM OF THE 1ST
Mississippi Mockingbirds batting - Pitching for Charleston Battery : RHP Melvin Tiburcio
Pitching: RHP Melvin Tiburcio
Batting: RHB Quinn Albracht 0-0: Ball
1-0: Swinging Strike
1-1: Called Strike
1-2: SINGLE (Flyball, 9LS, EV 93.1 MPH)
Batting: LHB Riley Rowbery 0-0: Ball
1-0: Foul Ball, location: 2F
1-1: Foul Ball, location: 2F
1-2: Strikes out swinging
Batting: RHB Melvin Thomas 0-0: Ball
1-0: Swinging Strike
1-1: Foul Ball, location: 2F
1-2: Ball
2-2: SINGLE (Line Drive, 78S, EV 102.5 MPH)
Quinn Albracht to second
Runner from 2nd tries for 3rd, SAFE, throw by LF made to third
Batting: LHB Vicente Gonzáles 0-0: Swinging Strike
0-1: Ball
1-1: Ball
2-1: Ball
3-1: Swinging Strike
3-2: Foul Ball, location: 2F
3-2: Foul Ball, location: 2F
3-2: Base on Balls
Melvin Thomas to second
Batting: RHB Richard Jost 0-0: Ball
1-0: Foul Ball, location: 2F
1-1: Foul Ball, location: 2F
1-2: Ball
2-2: Ball
3-2: Strikes out swinging
Batting: LHB Seb Blanch 0-0: Ground out 4-3 (Groundball, 34, EV 93.1 MPH)
Bottom of the 1st over - 0 runs, 2 hits, 0 errors, 3 left on base; Charleston 0 - Mississippi 0
TOP OF THE 2ND
Charleston Battery batting - Pitching for Mississippi Mockingbirds : LHP An Jang-Yop
Batting: LHB Benno Luby 0-0: Called Strike
0-1: Foul Ball, location: 2F
0-2: Ball
1-2: Ball
2-2: Ground out 4-3 (Groundball, 4, EV 98.8 MPH)
Batting: LHB Datu Lesaca 0-0: Ball
1-0: Ball
2-0: Ground out U3 (Groundball, 3, EV 83.8 MPH)
Batting: RHB Mark Merry 0-0: Swinging Strike
0-1: Ball
1-1: Foul Ball, location: 2F
1-2: Strikes out looking
Top of the 2nd over - 0 runs, 0 hits, 0 errors, 0 left on base; Charleston 0 - Mississippi 0
BOTTOM OF THE 2ND
Mississippi Mockingbirds batting - Pitching for Charleston Battery : RHP Melvin Tiburcio
Batting: SHB Jorge Indiano 0-0: Called Strike
0-1: SINGLE (Flyball, 78M, EV 91.9 MPH)
Batting: LHB Wu-shun Chu 0-0: Fly out, F9 (Flyball, 9S, EV 83.8 MPH)
Batting: SHB Akihiko Fujii 0-0: Called Strike
0-1: Called Strike
0-2: Foul Ball, location: 2F
0-2: Grounds into double play, 4-6-3 (Groundball, 34, EV 103.8 MPH)
Bottom of the 2nd over - 0 runs, 1 hit, 0 errors, 0 left on base; Charleston 0 - Mississippi 0
TOP OF THE 3RD
Charleston Battery batting - Pitching for Mississippi Mockingbirds : LHP An Jang-Yop
Batting: LHB Alfonso López 0-0: Ground out 4-3 (Groundball, 4, EV 86.2 MPH)
Batting: RHB Torajiro Ogawa 0-0: Foul Ball, location: 2F
0-1: Called Strike
0-2: Ground out 4-3 (Groundball, 4, EV 80.0 MPH)
Batting: LHB Rafael Urrutiz 0-0: Fly out, F8 (Flyball, 8RS, EV 77.5 MPH)
Top of the 3rd over - 0 runs, 0 hits, 0 errors, 0 left on base; Charleston 0 - Mississippi 0
BOTTOM OF THE 3RD
Mississippi Mockingbirds batting - Pitching for Charleston Battery : RHP Melvin Tiburcio
Batting: RHB Quinn Albracht 0-0: Ball
1-0: Ball
2-0: Ground out 3-1 (Groundball, 34, EV 110.6 MPH)
Batting: LHB Riley Rowbery 0-0: Ball
1-0: SINGLE (Groundball, 6D, EV 93.8 MPH)
Batting: RHB Melvin Thomas 0-0: Ball
1-0: Foul Ball, location: 2F
1-1: Ball
2-1: SINGLE (Groundball, 6MD, EV 103.8 MPH)
Riley Rowbery to second
Batting: LHB Vicente Gonzáles 0-0: Called Strike
0-1: Foul Ball, location: 2F
0-2: Fly out, F8 (Flyball, 8RM, EV 71.2 MPH)
Batting: RHB Richard Jost 0-0: Ball
1-0: DOUBLE (Line Drive, 7LM, EV 105.0 MPH)
Riley Rowbery scores
Melvin Thomas to third
Runner from 3rd tries for Home, SAFE, throw by LF to trailing runner, SAFE at third!
Batting: LHB Seb Blanch 0-0: Ball
1-0: Foul Ball, location: 2F
1-1: Foul Ball, location: 2F
1-2: Foul Ball, location: 2F
1-2: Ball
2-2: Ball
3-2: Single, Error in OF, E8, batter to second base (Groundball, 6MD, EV 105.6 MPH)
Richard Jost scores
Batting: SHB Jorge Indiano 0-0: Foul Ball, location: 2F
0-1: SINGLE (Line Drive, 6D, EV 99.4 MPH)
Seb Blanch to third
Batting: LHB Wu-shun Chu 0-0: Ball
1-0: Foul Ball, location: 2F
1-1: Ball
2-1: Swinging Strike
2-2: Fly out, F7 (Line Drive, 7, EV 85.6 MPH)
Bottom of the 3rd over - 3 runs, 5 hits, 1 error, 2 left on base; Charleston 0 - Mississippi 3
TOP OF THE 4TH
Charleston Battery batting - Pitching for Mississippi Mockingbirds : LHP An Jang-Yop
Batting: RHB Mario Álvarez 0-0: SINGLE (Flyball, 7LM, EV 93.1 MPH)
Batting: LHB Joey Coco 0-0: Ball
1-0: Foul Ball, location: 2F
1-1: Ball
2-1: Called Strike
2-2: Foul Ball, location: 2F
2-2: Ball
3-2: Foul Ball, location: 2F
3-2: Base on Balls
Mario Álvarez to second
Batting: RHB Vesa Karpinen 0-0: Ball
1-0: Fly out, F7 (Flyball, 7D, EV 105.6 MPH)
Batting: LHB Benno Luby 0-0: Foul Ball, location: 2F
0-1: Ball
1-1: Ball
2-1: Called Strike
2-2: Ball
3-2: Base on Balls
Mario Álvarez to third
Joey Coco to second
Batting: LHB Datu Lesaca 0-0: Called Strike
0-1: Ball
1-1: Swinging Strike
1-2: Strikes out swinging
Batting: RHB Mark Merry 0-0: Called Strike
0-1: Foul Ball, location: 2F
0-2: GRAND SLAM HOME RUN (Flyball, 7D, EV 95.0 MPH), Distance : 346 ft
Batting: LHB Alfonso López 0-0: Ball
1-0: Swinging Strike
1-1: Swinging Strike
1-2: Ball
2-2: Foul Ball, location: 2F
2-2: Strikes out looking
Top of the 4th over - 4 runs, 2 hits, 0 errors, 0 left on base; Charleston 4 - Mississippi 3
BOTTOM OF THE 4TH
Mississippi Mockingbirds batting - Pitching for Charleston Battery : RHP Melvin Tiburcio
Batting: SHB Akihiko Fujii 0-0: Called Strike
0-1: Ball
1-1: Foul Ball, location: 2F
1-2: SINGLE (Groundball, 4MD, EV 110.6 MPH)
Batting: RHB Quinn Albracht 0-0: Ball
1-0: Foul Ball, location: 2F
1-1: Ball
2-1: Swinging Strike
2-2: Ball
3-2: Grounds into double play, 4-6-3 (Groundball, 4, EV 85.0 MPH)
Batting: LHB Riley Rowbery 0-0: SINGLE (Groundball, 3L, EV 79.4 MPH) (infield hit)
Batting: RHB Melvin Thomas 0-0: Ball
1-0: Foul Ball, location: 2F
1-1: SINGLE (Line Drive, 56D, EV 101.2 MPH)
Riley Rowbery to second
Batting: LHB Vicente Gonzáles 0-0: Foul Ball, location: 2F
0-1: Foul Ball, location: 2F
0-2: 3-RUN HOME RUN (Flyball, 9D, EV 107.5 MPH), Distance : 345 ft
Pitching: LHP Rodrigo Alarcon
Batting: RHB Richard Jost 0-0: Ball
1-0: Called Strike
1-1: Ball
2-1: Swinging Strike
2-2: Foul Ball, location: 2F
2-2: Foul Ball, location: 2F
2-2: Hit by Pitch
Batting: LHB Seb Blanch 0-0: Called Strike
0-1: Ball
1-1: Ball
2-1: Swinging Strike
2-2: Foul Ball, location: 2F
2-2: Ball
3-2: Foul Ball, location: 2F
3-2: Base on Balls
Richard Jost to second
Batting: SHB Jorge Indiano 0-0: Ball
1-0: Ball
2-0: Foul Ball, location: 2F
2-1: Called Strike
2-2: Strikes out swinging
Bottom of the 4th over - 3 runs, 4 hits, 0 errors, 2 left on base; Charleston 4 - Mississippi 6
TOP OF THE 5TH
Charleston Battery batting - Pitching for Mississippi Mockingbirds : LHP An Jang-Yop
Batting: RHB Torajiro Ogawa 0-0: Foul Ball, location: 2F
0-1: Ball
1-1: Called Strike
1-2: SINGLE (Groundball, 6MD, EV 103.8 MPH)
Batting: LHB Rafael Urrutiz 0-0: Foul Ball, location: 2F
0-1: Bunted foul
0-2: Ball
1-2: Foul Ball, location: 2F
1-2: Ball
2-2: Foul Ball, location: 2F
2-2: Fly out, F6 (Line Drive, 6, EV 66.9 MPH)
Batting: RHB Mario Álvarez 0-0: Ball
1-0: Swinging Strike
1-1: Ball
2-1: Fielders Choice at 2nd, 6-4 (Groundball, 6, EV 80.6 MPH)
Batting: LHB Joey Coco 0-0: Fly out, F8 (Line Drive, 8RM, EV 85.6 MPH)
Top of the 5th over - 0 runs, 1 hit, 0 errors, 1 left on base; Charleston 4 - Mississippi 6
BOTTOM OF THE 5TH
Mississippi Mockingbirds batting - Pitching for Charleston Battery : LHP Rodrigo Alarcon
Batting: LHB Wu-shun Chu 0-0: Called Strike
0-1: Swinging Strike
0-2: Ball
1-2: Ball
2-2: Strikes out swinging
Batting: SHB Akihiko Fujii 0-0: SINGLE (Groundball, 56D, EV 98.8 MPH)
Batting: RHB Quinn Albracht 0-0: Ball
1-0: Ground out 5-3 (Groundball, 56S, EV 71.9 MPH)
Akihiko Fujii to second
Batting: LHB Riley Rowbery 0-0: Ball
1-0: Ball
2-0: Ball
3-0: Called Strike
3-1: Base on Balls
Batting: RHB Melvin Thomas 0-0: Ball
1-0: Foul Ball, location: 2F
1-1: Called Strike
1-2: Ball
2-2: Foul Ball, location: 2F
2-2: Fly out, F5 (Popup, 56, EV 74.4 MPH)
Bottom of the 5th over - 0 runs, 1 hit, 0 errors, 2 left on base; Charleston 4 - Mississippi 6
TOP OF THE 6TH
Charleston Battery batting - Pitching for Mississippi Mockingbirds : LHP An Jang-Yop
Batting: RHB Vesa Karpinen 0-0: Ball
1-0: Swinging Strike
1-1: Ball
2-1: Ground out 5-3 (Groundball, 56, EV 87.5 MPH)
Batting: LHB Benno Luby 0-0: Ball
1-0: Called Strike
1-1: Swinging Strike
1-2: Strikes out swinging
Batting: LHB Datu Lesaca 0-0: Called Strike
0-1: Ball
1-1: Fly out, F7 (Flyball, 7S, EV 85.0 MPH)
Top of the 6th over - 0 runs, 0 hits, 0 errors, 0 left on base; Charleston 4 - Mississippi 6
BOTTOM OF THE 6TH
Mississippi Mockingbirds batting - Pitching for Charleston Battery : LHP Rodrigo Alarcon
Pitching: RHP Henry Henry
Batting: LHB Vicente Gonzáles 0-0: Ball
1-0: Ball
2-0: Foul Ball, location: 2F
2-1: Swinging Strike
2-2: SINGLE (Line Drive, 89S, EV 105.0 MPH)
Batting: RHB Richard Jost 0-0: Ball
1-0: Fly out, F2 (Popup, 3SF, EV 70.6 MPH)
Batting: LHB Seb Blanch 0-0: Ball
1-0: Ball
2-0: Foul Ball, location: 2F
2-1: Foul Ball, location: 2F
2-2: Fly out, F9 (Flyball, 89M, EV 84.4 MPH)
Batting: SHB Jorge Indiano 0-0: Ball
1-0: Foul Ball, location: 2F
1-1: Swinging Strike
1-2: Ball
2-2: Strikes out swinging
Bottom of the 6th over - 0 runs, 1 hit, 0 errors, 1 left on base; Charleston 4 - Mississippi 6
TOP OF THE 7TH
Charleston Battery batting - Pitching for Mississippi Mockingbirds : LHP An Jang-Yop
Batting: RHB Mark Merry 0-0: Ball
1-0: Called Strike
1-1: Fly out, F7 (Flyball, 7LD, EV 91.9 MPH)
Batting: LHB Alfonso López 0-0: Ball
1-0: Foul Ball, location: 2F
1-1: Ball
2-1: Swinging Strike
2-2: Foul Ball, location: 2F
2-2: Ball
3-2: Foul Ball, location: 2F
3-2: Strikes out swinging
Batting: RHB Torajiro Ogawa 0-0: Ball
1-0: Called Strike
1-1: Ball
2-1: SINGLE (Line Drive, 9S, EV 92.5 MPH)
Batting: LHB Rafael Urrutiz 0-0: Called Strike
0-1: Ball
1-1: Ball
2-1: Swinging Strike
2-2: Foul Ball, location: 2F
2-2: SINGLE (Groundball, 6D, EV 96.2 MPH)
Torajiro Ogawa to second
Batting: RHB Mario Álvarez 0-0: Ball
1-0: Foul Ball, location: 2F
1-1: Swinging Strike
1-2: Ball
2-2: Foul Ball, location: 2F
2-2: Strikes out swinging
Top of the 7th over - 0 runs, 2 hits, 0 errors, 2 left on base; Charleston 4 - Mississippi 6
BOTTOM OF THE 7TH
Mississippi Mockingbirds batting - Pitching for Charleston Battery : RHP Henry Henry
Batting: LHB Wu-shun Chu 0-0: Ball
1-0: Ball
2-0: Ball
3-0: Called Strike
3-1: Called Strike
3-2: Strikes out swinging
Pitching: LHP Paco Salazar
Batting: SHB Akihiko Fujii 0-0: Called Strike
0-1: Ball
1-1: Ball
2-1: Swinging Strike
2-2: Strikes out swinging, 2-3 out at first.
Batting: RHB Quinn Albracht 0-0: Ball
1-0: Ball
2-0: Called Strike
2-1: SINGLE (Line Drive, 8LS, EV 97.5 MPH)
Batting: LHB Riley Rowbery 0-0: Ground out 4-3 (Groundball, 34, EV 85.0 MPH)
Bottom of the 7th over - 0 runs, 1 hit, 0 errors, 1 left on base; Charleston 4 - Mississippi 6
TOP OF THE 8TH
Charleston Battery batting - Pitching for Mississippi Mockingbirds : LHP An Jang-Yop
Pitching: RHP Ewan Atwood
Batting: LHB Joey Coco 0-0: Called Strike
0-1: Ball
1-1: Ball
2-1: Called Strike
2-2: Ball
3-2: Strikes out swinging, 2-3 out at first.
Batting: RHB Vesa Karpinen 0-0: Called Strike
0-1: Foul Ball, location: 2F
0-2: Strikes out swinging
Batting: LHB Benno Luby 0-0: Ball
1-0: Ball
2-0: Ball
3-0: Base on Balls
Batting: LHB Datu Lesaca 0-0: Swinging Strike
0-1: Swinging Strike
0-2: Strikes out swinging
Top of the 8th over - 0 runs, 0 hits, 0 errors, 1 left on base; Charleston 4 - Mississippi 6
BOTTOM OF THE 8TH
Mississippi Mockingbirds batting - Pitching for Charleston Battery : LHP Paco Salazar
Batting: RHB Melvin Thomas 0-0: Ground out 5-3 (Groundball, 56, EV 82.5 MPH)
Batting: LHB Vicente Gonzáles 0-0: Foul Ball, location: 2F
0-1: Foul Ball, location: 2F
0-2: Ball
1-2: Ball
2-2: Foul Ball, location: 2F
2-2: Foul Ball, location: 2F
2-2: Ball
3-2: Strikes out swinging, 2-3 out at first.
Pitching: RHP Martín García
Batting: RHB Richard Jost 0-0: Foul Ball, location: 2F
0-1: Foul Ball, location: 2F
0-2: Strikes out looking
Bottom of the 8th over - 0 runs, 0 hits, 0 errors, 0 left on base; Charleston 4 - Mississippi 6
TOP OF THE 9TH
Charleston Battery batting - Pitching for Mississippi Mockingbirds : RHP Ewan Atwood
Pitching: RHP Sima Babic
Batting: RHB Mark Merry 0-0: Ground out 6-3 (Groundball, 56D, EV 98.1 MPH)
Batting: LHB Alfonso López 0-0: Called Strike
0-1: Ball
1-1: Ball
2-1: Ball
3-1: DOUBLE (Line Drive, 9LS, EV 112.5 MPH)
Pinch Hitting: RHB Júlio Salazar 0-0: Ball
1-0: Ball
2-0: Swinging Strike
2-1: Called Strike
2-2: Strikes out swinging
Batting: LHB Rafael Urrutiz 0-0: Foul Ball, location: 2F
0-1: Swinging Strike
0-2: Foul Ball, location: 2F
0-2: Foul Ball, location: 2F
0-2: Ball
1-2: Ball
2-2: Foul Ball, location: 2F
2-2: Foul Ball, location: 2F
2-2: Strikes out swinging
Top of the 9th over - 0 runs, 1 hit, 0 errors, 1 left on base; Charleston 4 - Mississippi 6
Tuesday, January 5th, 2021 - OOTP Baseball 20.8 Build 74